 Dungeon Crawl Stone Soup version 0.29-a0-82-g837932c90e (webtiles) character file.

Game seed: 7696883286960968777

6377 lordive the Grappler (level 10, -6/92 HPs)
             Began as a Troll Warper on Feb 4, 2022.
             Was a High Priest of Cheibriados.
             Mangled by a death yak (24 damage)
             ... on level 9 of the Dungeon.
             The game lasted 00:13:20 (6852 turns).

lordive the Grappler (Troll Warper)                 Turns: 6852, Time: 00:13:21

Health: -6/92      AC:  7    Str: 32    XL:     10   Next: 65%
Magic:  20/20      EV: 13    Int: 24    God:    Cheibriados [*****.]
Gold:   346        SH:  0    Dex: 20    Spells: 2/12 levels left

rFire   . . .      SeeInvis .     - Unarmed
rCold   . . .      Faith    .   (no shield)
rNeg    . . .      Spirit   .   g - +0 steam dragon scales
rPois   .          Reflect  .   (helmet restricted)
rElec   .          Harm     .   (no cloak)
rCorr   .          Rampage  .   (gloves unavailable)
Will    .....                   (boots unavailable)
Stlth   ++........              (no amulet)
HPRegen 1.05/turn               p - ring of wizardry
MPRegen 0.17/turn               u - ring of magical power

@: lethally poisoned (-6 -> -9), about to teleport, slowed, very slow
A: large, unfitting armour, claws 3, regeneration 1, shaggy fur 1, tough skin 1
a: Renounce Religion, Bend Time, Temporal Distortion, Slouch, Step From Time


You were on level 9 of the Dungeon.
You worshipped Cheibriados.
Cheibriados was extremely pleased with you.
You visited 2 branches of the dungeon, and saw 10 of its levels.
You also visited: Ossuary.

You collected 360 gold pieces.
You spent 14 gold pieces at shops.

Inventory:

Missiles
 c - 5 boomerangs of dispersal (quivered)
 C - 8 boomerangs
Armour
 g - +0 steam dragon scales (worn)
Jewellery
 p - a ring of wizardry (left claw)
 u - a ring of magical power (right claw)
 I - a ring of ice
Wands
 s - a wand of acid (1)
 G - a wand of paralysis (4)
 J - a wand of iceblast (5)
Scrolls
 b - a scroll of blinking
 e - 2 scrolls of teleportation
 f - a scroll of holy word {unknown}
 j - 4 scrolls of identify
 l - a scroll of torment {unknown}
 m - a scroll of brand weapon {unknown}
 n - a scroll of enchant weapon {unknown}
 q - 2 scrolls of vulnerability {unknown}
 t - a scroll of fear {unknown}
 w - 2 scrolls of enchant armour {unknown}
 y - a scroll of fog {unknown}
 z - 2 scrolls of noise {unknown}
 B - a scroll of amnesia {unknown}
 E - 3 scrolls of summoning {unknown}
 F - a scroll of immolation {unknown}
Potions
 a - 8 potions of attraction
 d - a potion of cancellation
 h - a potion of flight
 i - a potion of ambrosia
 k - 6 potions of mutation
 o - 3 potions of curing
 r - a potion of berserk rage {unknown}
 v - 2 potions of might {unknown}
 x - 2 potions of brilliance {unknown}
 A - a potion of haste {unknown}
 D - a potion of lignification {unknown}
 H - a potion of heal wounds {unknown}


   Skills:
 + Level 3.7 Fighting
 - Level 0.8 Throwing
 + Level 5.8 Dodging
 + Level 11.8 Unarmed Combat
 + Level 1.6 Spellcasting
 * Level 6.6 Translocations


You had 2 spell levels left.
You knew the following spells:

 Your Spells              Type           Power      Damage    Failure   Level
a - Teleport Other        Tloc           33%        N/A       1%          3
b - Manifold Assault      Tloc           33%        N/A       9%          5
c - Blink                 Tloc           66%        N/A       1%          2

Your spell library contained the following spells:

 Spells                   Type           Power      Damage    Failure   Level
 Freeze                   Ice            4%         1d3       5%          1
 Pain                     Necr           4%         1d4       5%          1
 Gell's Gravitas          Tloc           33%        N/A       1%          3
 Lesser Beckoning         Tloc           33%        N/A       1%          3
 Frozen Ramparts          Ice            2%         1d2       16%         3
 Hailstorm                Conj/Ice       1%         3d3       43%         4
 Ice Form                 Ice/Tmut       1%         N/A       43%         4
 Summon Ice Beast         Ice/Summ       1%         N/A       43%         4
 Agony                    Necr           1%         N/A       77%         5
 Excruciating Wounds      Necr           0%         N/A       77%         5


Dungeon Overview and Level Annotations

Branches:
Dungeon (9/15)             Temple (1/1) D:6         Ossuary (visited)
   Lair: D:8-11         Orc: D:9-12

Altars:
Cheibriados
Dithmenos
Elyvilon
Fedhas
Gozag
Hepliaklqana
Kikubaaqudgha
Makhleb
Nemelex Xobeh
Okawaru
Ru
Sif Muna
Trog
Uskayaw
Vehumet
Wu Jian
Xom
Yredelemnul
Zin
The Shining One

Shops:
D:3 (   D:5 !   D:9 [


Innate Abilities, Weirdness & Mutations

You are too large for most types of armour.
You have claws for hands.
Your natural rate of healing is unusually fast.
You are covered in fur. (AC +1)
You have tough skin. (AC +1)


Message History

The kobold demonologist hits you but does no damage.
Unknown command.
You barely miss the kobold demonologist.
You mangle the kobold demonologist!!
The kobold demonologist is severely wounded.
The kobold demonologist barely misses you.
A death yak comes into view.
Unknown command.
The death yak bellows!
You scratch the kobold demonologist.
The kobold demonologist is severely wounded.
The kobold demonologist hits you but does no damage.
Unknown command.
You claw the kobold demonologist!
You kill the kobold demonologist!
Cheibriados appreciates the change of pace.
Unknown command.
A kobold comes into view. It is wielding a +0 short sword.
Found a whip and 18 sling bullets.
The kobold shouts!
The death yak gores you! The kobold brigand closely misses you.
The death yak gores you! The kobold brigand closely misses you.
The death yak misses you. The kobold brigand closely misses you.
The death yak gores you!
Items here: ( )) [ †.
Unknown command.
The kobold brigand throws a curare-tipped dart.
The curare-tipped dart hits you.
You are poisoned.
You have difficulty breathing.
You feel yourself slow down. The death yak gores you!!
* * * LOW HITPOINT WARNING * * *
Unknown command.
Unknown command.
As you read the scroll of teleportation, it crumbles to dust.
You feel strangely unstable.
You feel very sick.
The death yak gores you but does no damage.
The death yak gores you!!
You die...

######### ### #.........#
#### .. ...##.........#
#... .................#
#...
.......#.........#####...
....#............##......
.......#.........##.##..)
.......#.........'..###)#
.......#@........#### #.#
#..Y######'#### #†.
.....#YY# #....# ### )..
.YKK#########+## #. .
....YKY..........# #.
..#....K.o.......[.# ###.
...................###.'.
...................#...#)
#.....(............#.###.


You could see 5 death yaks, a kobold demonologist, 2 kobold brigands and a
kobold.

Vanquished Creatures
  Pikel (D:4)
  Maurice (D:8)
  A kobold demonologist (D:9)
  Prince Ribbit (D:6)
  Sigmund (D:4)
  6 yaks (D:9)
  A wyvern (D:9)
  A steam dragon (D:7)
  Menkaure (D:7)
  2 water moccasins
  A sky beast (D:8)
  3 orc warriors
  An ice beast (D:7)
  A black bear (D:3)
  2 necrophages
  An ogre (D:6)
  A centaur (D:9)
  A kobold brigand (D:9)
  A lemure (D:4)
  2 elf zombies (Ossuary)
  A gnoll sergeant (D:9)
  3 bullfrogs
  A wyvern zombie (D:8)
  A scorpion (D:5)
  A water moccasin skeleton (D:6)
  4 killer bees (D:7)
  11 wights (D:8)
  A howler monkey (D:5)
  A bullfrog zombie (D:6)
  3 centaur zombies
  3 hounds
  4 human zombies
  A jelly (D:7)
  8 orc priests
  Natasha (thrice) (D:4)
  7 orc wizards
  2 scorpion zombies (D:3)
  2 iguanas
  2 hound zombies
  A hound skeleton (D:5)
  7 mummies
  Robin (D:4)
  3 howler monkey zombies
  5 adders
  4 gnolls (D:9)
  2 shadow imps
  A white imp (D:7)
  2 ufetubi (D:4)
  6 adder zombies
  2 worms (D:6)
  A dart slug (D:2)
  29 orcs
  7 ball pythons
  7 bats
  8 endoplasms
  2 giant cockroaches (D:4)
  12 goblins
  7 hobgoblins
  2 quokkas
  2 frilled lizards (D:1)
  A gnoll zombie (Ossuary)
  2 goblin zombies (Ossuary)
  3 hobgoblin zombies (Ossuary)
  2 jackal zombies (Ossuary)
  7 kobolds
  4 kobold zombies (Ossuary)
  2 quokka zombies (Ossuary)
  5 rats
  6 rat zombies (Ossuary)
232 creatures vanquished.

Vanquished Creatures (others)
  An orc wizard (D:4)
  A howler monkey zombie (D:9)
2 creatures vanquished.

Grand Total: 234 creatures vanquished

Notes
Turn   | Place    | Note
-------+----------+-------------------------------------------
     0 | D:1      | lordive the Troll Warper began the quest for the Orb.
     0 | D:1      | Reached XP level 1. HP: 19/19 MP: 1/1
    63 | D:1      | Found a faded altar of an unknown god.
   114 | D:1      | Reached XP level 2. HP: 27/27 MP: 2/2
   354 | D:4      | Noticed Sigmund
   359 | D:4      | Noticed a black bear
   373 | D:3      | Killed a black bear
   374 | D:3      | Reached XP level 3. HP: 30/35 MP: 2/4
   374 | D:3      | Reached XP level 4. HP: 37/42 MP: 2/5
   412 | D:3      | Learned a level 3 spell: Teleport Other
   422 | D:4      | Killed Sigmund
   423 | D:4      | Reached skill level 3 in Unarmed Combat
   423 | D:4      | Reached XP level 5. HP: 35/49 MP: 6/6
   423 | D:4      | Reached XP level 6. HP: 41/57 MP: 7/7
   547 | D:4      | Noticed Natasha
   557 | D:4      | Killed Natasha
   567 | D:4      | Noticed Pikel
   627 | D:4      | Reached skill level 4 in Unarmed Combat
   641 | D:4      | Killed Pikel
   642 | D:4      | Reached skill level 5 in Unarmed Combat
   642 | D:4      | Reached XP level 7. HP: 28/66 MP: 8/8
   695 | D:4      | Noticed Robin
   703 | D:4      | Killed Robin
   781 | D:4      | Found a snail-covered altar of Cheibriados.
   790 | D:4      | Became a worshipper of Cheibriados the Contemplative
  1643 | D:3      | Found Ucuynir's Weapon Shoppe.
  1678 | D:3      | Reached * piety under Cheibriados
  1757 | D:3      | Reached skill level 6 in Unarmed Combat
  1762 | D:3      | Found a basalt altar of Yredelemnul.
  2012 | D:4      | Noticed Natasha
  2023 | D:4      | Killed Natasha
  2024 | D:4      | Reached XP level 8. HP: 62/74 MP: 9/9
  2108 | D:4      | Learned a level 5 spell: Manifold Assault
  2111 | D:4      | Learned a level 2 spell: Blink
  2216 | D:4      | Found a radiant altar of Vehumet.
  2241 | D:4      | Noticed Natasha
  2252 | D:4      | Killed Natasha
  2285 | D:5      | Entered Level 5 of the Dungeon
  2615 | D:5      | You fall into a shaft and drop 1 floor!
  2615 | D:6      | Noticed Prince Ribbit
  2637 | D:6      | Killed Prince Ribbit
  2697 | D:6      | Found a staircase to the Ecumenical Temple.
  2852 | D:6      | Reached skill level 7 in Unarmed Combat
  2899 | D:6      | Reached skill level 5 in Translocations
  2909 | D:6      | Found a sand-covered staircase.
  2914 | Ossuary  | Entered an ossuary
  2930 | Ossuary  | Reached ** piety under Cheibriados
  3125 | Ossuary  | Reached skill level 8 in Unarmed Combat
  3144 | Ossuary  | Reached *** piety under Cheibriados
  3145 | Ossuary  | Reached XP level 9. HP: 75/80 MP: 10/10
  3922 | D:5      | Found Xax Ref's Distillery.
  3930 | D:5      | Bought a potion of degeneration for 14 gold pieces
  4324 | Temple   | Entered the Ecumenical Temple
  4545 | D:7      | Reached skill level 9 in Unarmed Combat
  4629 | D:7      | Noticed Menkaure
  4760 | D:7      | Reached **** piety under Cheibriados
  5243 | D:7      | Killed Menkaure
  5244 | D:7      | Reached skill level 5 in Dodging
  5279 | D:7      | Found an opulent altar of Gozag.
  5469 | D:8      | Reached skill level 10 in Unarmed Combat
  5546 | D:8      | Found an ancient bone altar of Kikubaaqudgha.
  5569 | D:8      | Noticed Maurice
  5597 | D:8      | Killed Maurice
  5598 | D:8      | Reached XP level 10. HP: 12/91 MP: 11/11
  5962 | D:8      | Found a burning altar of Makhleb.
  6108 | D:8      | Found a glowing silver altar of Zin.
  6569 | D:9      | Found Enut's Antique Armour Emporium.
  6642 | D:9      | Reached skill level 11 in Unarmed Combat
  6730 | D:9      | Reached ***** piety under Cheibriados
  6841 | D:9      | Noticed a death yak
  6841 | D:9      | Noticed a death yak
  6841 | D:9      | Noticed a death yak
  6842 | D:9      | Noticed a death yak
  6844 | D:9      | Noticed a death yak
  6844 | D:9      | Noticed a death yak
  6847 | D:9      | Noticed a death yak
  6852 | D:9      | Mangled by a death yak

Illustrated notes

Levels and vault maps discovered:
D:1:      dpeg_arrival_pond, layout_rooms,
          hellmonk_ecumenical_altar_pennies_from_heaven
D:2:      layout_loops_ring, minmay_misc_feat_diagonals
D:3:      layout_basic, nicolae_yredelemnul_corpse_copse, serial_shops, shop
D:4:      layout_rooms, amethyst_overflow_temple_binary, feat_on_display,
          uniq_robin, uniq_natasha, uniq_sigmund, uniq_pikel
D:5:      layout_cave_pods, serial_shops, shop, minmay_misc_feat_alley
D:6:      layout_basic, minmay_temple_entry_statues_fountains, enter_ossuary_2,
          cheibrodos_sewer_entry_bend, uniq_prince_ribbit1
D:7:      layout_loops_cross, lemuel_tele_altar, uniq_menkaure
D:8:      layout_gridville, lemuel_crystal_altar,
          lemuel_mausoleum_altar_kikubaaqudgha, lemuel_round_altar, uniq_maurice
D:9:      layout_roguey, grunt_qazlal_clouds, dpeg_lair_monsters,
          kennysheep_orc_monster_closet_entryway, serial_shops,
          nicolae_stop_n_shop_1, grunt_ministairs_3
Temple:   nicolae_temple_god_jail

Skill      XL: |  1  2  3  4  5  6  7  8  9 10 |
---------------+-------------------------------+-----
Dodging        | 2 3 4 5 |  5.8
Translocations | 3 4 5 6 |  6.6
Fighting       | 2 3 |  3.7
Unarmed Combat | 3 5 6 8 10 11 | 11.8
Throwing       | |  0.8
Spellcasting   | |  1.6

Action                   |  1- 3 |  4- 6 |  7- 9 | 10-12 || total
-------------------------+-------+-------+-------+-------++-------
Melee: Unarmed           |    47 |   119 |   443 |   110 ||   719
       Punch             |       |     3 |    20 |     7 ||    30
  Use: Scroll            |       |       |     9 |     1 ||    10
 Stab: Sleeping          |       |       |     2 |     1 ||     3
       Distracted        |       |       |       |     1 ||     1
Armor: Robe              |    32 |    33 |   116 |       ||   181
       Steam dragon scal |       |       |    17 |    34 ||    51
Dodge: Dodged            |    23 |    43 |   202 |    58 ||   326

Table legend: (Time is in decaauts)
 A = Elapsed time spent in this place.
 B = Non-inter-level travel time spent in this place.
 C = Inter-level travel time spent in this place.
 D = Time resting spent in this place.
 E = Time spent auto-exploring this place.
 F = Levels seen in this place.
 G = Mean time per level.
                   A        B        C        D        E       F      G
               +--------+--------+--------+--------+--------+-----+--------+
         Total |   9168 |   8381 |    787 |    476 |   6197 |  11 |  833.5 |
       Dungeon |   8701 |   7937 |    764 |    476 |   5937 |   9 |  966.8 |
        Temple |    108 |     85 |     23 |      0 |     70 |   1 |  108.0 |
       Ossuary |    359 |    359 |      0 |      0 |    189 |   1 |  359.0 |
               +--------+--------+--------+--------+--------+-----+--------+

Top non-repeatable levels by time:
     D:8: 1698 daAuts
     D:7: 1394 daAuts
     D:5: 1266 daAuts
     D:6: 1259 daAuts
     D:4: 813 daAuts
     D:3: 781 daAuts
     D:2: 683 daAuts
     D:1: 422 daAuts
     D:9: 381 daAuts
 Ossuary: 359 daAuts
  Temple: 108 daAuts
